 Dungeon Crawl Stone Soup version 0.20.1-1-g8b1a95d (webtiles) character file.

342 xXlolmanXx the Shield-Bearer (level 6, -7/70 HPs)
             Began as a Hill Orc Fighter on Sept 3, 2017.
             Mangled by an ogre
             ... wielding a +0 giant club
              (8 damage)
             ... on level 5 of the Dungeon on Sept 4, 2017.
             The game lasted 01:09:43 (2562 turns).

xXlolmanXx the Shield-Bearer (Hill Orc Fighter)     Turns: 2562, Time: 01:09:45

Health: -7/70      AC: 21    Str: 19    XL:     6   Next: 57%
Magic:  0/6        EV:  2    Int:  9    God:
Gold:   141        SH:  9    Dex: 11    Spells: 5/5 levels left

rFire    . . .     SeeInvis .   h - +1 short sword
rCold    . . .     Gourm    .   c - +0 shield
rNeg     + + +     Faith    .   (armour currently unavailable)
rPois    +         Spirit   +   (helmet currently unavailable)
rElec    .         Reflect  .   (cloak currently unavailable)
rCorr    .         Harm     .   (gloves currently unavailable)
MR       +....     NoTele   +   (boots currently unavailable)
Stlth    +.........             m - amulet of guardian spirit
Regen    0.3/turn               b - ring of flight
MPRegen  0.1/turn               j - -2 ring of protection (curse)

@: tree-form
A: frail 1, magic resistance 1
a: no special abilities


You were on level 5 of the Dungeon.
You were not hungry.
You were a tree.
You visited 1 branch of the dungeon, and saw 5 of its levels.

You collected 141 gold pieces.

Inventory:

Hand Weapons
 a - a +1 flail
 h - a +1 short sword (weapon)
Armour
 c - a +0 shield (worn)
 e - a +0 helmet (melded)
 l - a +0 scale mail (melded)
Jewellery
 b - a ring of flight (left branch)
 j - a cursed -2 ring of protection (right branch)
 m - an amulet of guardian spirit (around neck)
Wands
 u - a wand of flame (11/48)
Scrolls
 d - a scroll of magic mapping
 g - a scroll of fear
 n - a scroll of teleportation
Comestibles
 f - 3 bread rations
 k - 2 meat rations


   Skills:
 + Level 4.4 Fighting
 + Level 3.1 Short Blades
 + Level 2.4 Maces & Flails
 + Level 0.1 Throwing
 + Level 4.6 Armour
 + Level 0.8 Dodging
 + Level 0.3 Stealth
 + Level 4.9 Shields
 + Level 0.6 Evocations


You had 5 spell levels left.
You didn't know any spells.

Dungeon Overview and Level Annotations

Branches:
Dungeon (5/15)
 Temple: D:4-7

Altars:
Ashenzari
Xom
The Shining One


Innate Abilities, Weirdness & Mutations

You are frail. (-10% HP)
You are resistant to hostile enchantments. (MR+)


Message History

You barely miss the ogre.
The ogre is heavily wounded.
You block the ogre's attack.
You hit the ogre.
The ogre is severely wounded.
The ogre hits you with a giant club!
You barely miss the ogre.
The ogre is severely wounded.
The ogre hits you with a giant club!
* * * LOW HITPOINT WARNING * * *
You turn into a tree.
Your +0 helmet melds into your body.
Your +0 scale mail melds into your body.
Your roots penetrate the ground.
You hit the ogre.
The ogre is almost dead.
The ogre hits you with a giant club!!
* * * LOW HITPOINT WARNING * * *
You eat one of the 4 bread rations.
That bread ration really hit the spot!
The ogre hits you with a giant club!
You die...

## ..# #. #### #.## #.
#..g#######..# #.###
#..gO........# #.... .
#♣.......# #....
..#####........## #....
................# #....
..............#.# #...!
..............#.## #5...
.........._..b#..# #....
##......b.....##.###....
#................##....
#............##..##....


You could see an ogre and 2 goblins.

Vanquished Creatures
  A hound (D:3)
  An orc priest (D:5)
  4 orc wizards
  An iguana (D:5)
  6 adders
  A worm (D:5)
  3 dart slugs
  3 leopard geckos
  6 orcs
  2 bats (D:1)
  7 goblins
  2 hobgoblins
  9 jackals
  6 kobolds
  6 frilled lizards
  A jackal skeleton (D:5)
  3 rats
62 creatures vanquished.

Vanquished Creatures (others)
  An orc wizard (D:5)
1 creature vanquished.

Grand Total: 63 creatures vanquished

Notes
Turn   | Place    | Note
-------+----------+-------------------------------------------
     0 | D:1      | xXlolmanXx the Hill Orc Fighter began the quest for the Orb.
     0 | D:1      | Reached XP level 1. HP: 19/19 MP: 1/1
   315 | D:1      | Reached XP level 2. HP: 27/27 MP: 2/2
   400 | D:1      | Reached XP level 3. HP: 27/33 MP: 3/3
   589 | D:1      | Gained mutation: You are frail. (-10% HP) [potion of mutation]
   589 | D:1      | Gained mutation: You are resistant to hostile enchantments. (MR+) [potion of mutation]
   899 | D:3      | Found a shattered altar of Ashenzari.
   980 | D:3      | Reached skill level 1 in Short Blades
   982 | D:3      | Found a glowing golden altar of the Shining One.
  1139 | D:3      | Reached XP level 4. HP: 23/36 MP: 4/4
  1611 | D:3      | Reached XP level 5. HP: 28/41 MP: 3/5
  2343 | D:5      | Entered Level 5 of the Dungeon
  2368 | D:5      | Reached XP level 6. HP: 42/46 MP: 4/6
  2496 | D:5      | Found a shimmering altar of Xom.
  2561 | D:5      | HP: 1/70 [ogre/giant club (19)]
  2562 | D:5      | Mangled by an ogre

Skill      XL: |  1  2  3  4  5  6 |
---------------+-------------------+-----
Shields        | 4 |  4.9
Short Blades   | 1 2 3 |  3.1
Fighting       | 4 |  4.4
Armour         | 4 |  4.6
Maces & Flails | |  2.4
Throwing       | |  0.1
Dodging        | |  0.8
Stealth        | |  0.3
Evocations     | |  0.6

Action                   |  1- 3 |  4- 6 || total
-------------------------+-------+-------++-------
Melee: Flail             |    22 |       ||    22
       Short sword       |    88 |   224 ||   312
       Club              |     7 |       ||     7
Throw: Stone             |     2 |       ||     2
Evoke: Wand              |       |     6 ||     6
  Use: Potion            |     5 |     8 ||    13
       Scroll            |     7 |     7 ||    14
  Eat: Bread ration      |     1 |     1 ||     2
       Fruit             |       |     1 ||     1
Armor: Scale mail        |     7 |    37 ||    44
       Ring mail         |    18 |    20 ||    38
       Skin              |       |     7 ||     7
Dodge: Dodged            |    30 |    38 ||    68
Block: Shield            |    53 |    70 ||   123
